AoeStats
← gastonace1

Glade

510829803Analyzed
1v1 RM · 19h ago on Oct 2, 2026· 29m 12s· 2 players
Game mode
Random Map
Map size
Tiny (2 player)
Population
200
Speed
Normal
Resources
Standard
Victory
Conquest
Starting age
Dark Age
Ending age
Imperial Age
RankedLock teamsTeams togetherTeam positionsShared explorationLock speedFull tech treeHidden civsTurbo modeCheats
Victory
Defeat
🇺🇸 Armenians · United States
772
+15
🇩🇪 Mongols · Germany
745
-15
Зŋτə.
14:52 Feudal Age
15:39 Double-Bit Axe
18:58 Castle Age
17:23 Fletching
19:06 Crossbowman
19:52 Bodkin Arrow
20:13 Bow Saw
21:41 Wheelbarrow
21:17 Gold Mining
21:23 Horse Collar
23:32 Padded Archer Armor
23:44 Forging
27:43 Thumb Ring
gastonace1
8:39 Loom
10:25 Feudal Age
17:35 Wheelbarrow
20:35 Castle Age
18:35 Double-Bit Axe
22:48 Fletching
24:16 Bodkin Arrow
27:02 Gold Mining
Connection lost

Rejoining the realm…

Still unreachable

The connection could not be restored.

Session expired

The server has moved on; the page needs a fresh start.